AoeStats
← Megaman

Glade

510655495Analyzed
1v1 RM · 2d ago on Oct 2, 2026· 48m 37s· 2 players
Game mode
Random Map
Map size
Tiny (2 player)
Population
200
Speed
Normal
Resources
Standard
Victory
Conquest
Starting age
Dark Age
Ending age
Imperial Age
RankedLock teamsTeams togetherTeam positionsShared explorationLock speedFull tech treeHidden civsTurbo modeCheats
Victory
Defeat
🇨🇱 Franks · Chile
799
+16
🇺🇸 Spanish · United States
802
-16
NightWanderer86
0:26 Loom
10:57 Feudal Age
11:23 Double-Bit Axe
11:36 Gold Mining
13:18 Wheelbarrow
15:13 Town Watch
22:26 Castle Age
21:38 Forging
21:34 Scale Barding Armor
21:23 Stone Mining
21:51 Fletching
22:48 Padded Archer Armor
23:34 Bodkin Arrow
26:37 Chain Barding Armor
26:49 Elite Skirmisher
27:47 Leather Archer Armor
28:09 Iron Casting
29:18 Leather Archer Armor
29:54 Husbandry
30:53 Gold Shaft Mining
37:58 Imperial Age
38:20 Cavalier
40:50 Ballistics
40:26 Murder Holes
41:33 Chemistry
41:31 Conscription
42:15 Masonry
42:34 Hand Cart
43:34 Scale Mail Armor
44:47 Chain Mail Armor
48:20 Plate Barding Armor
Megaman
7:41 Loom
10:21 Feudal Age
12:10 Double-Bit Axe
17:28 Castle Age
16:06 Gold Mining
16:27 Stone Mining
18:45 Bow Saw
19:13 Stone Shaft Mining
18:51 Pikeman
20:41 Forging
20:47 Squires
22:18 Squires
22:39 Horse Collar
26:18 Wheelbarrow
28:28 Fletching
31:10 Hand Cart
31:37 Inquisition
32:01 Heavy Plow
32:33 Ballistics
33:12 Bodkin Arrow
33:17 Padded Archer Armor
36:09 Bloodlines
36:00 Husbandry
36:47 Scale Barding Armor
43:21 Imperial Age
43:30 Masonry
43:20 Murder Holes
44:26 Conscription
44:36 Halberdier
46:53 Architecture
47:55 Iron Casting
47:22 Scale Mail Armor
Connection lost

Rejoining the realm…

Still unreachable

The connection could not be restored.

Session expired

The server has moved on; the page needs a fresh start.